cohdb
Replays
Latest Replays
All Replays
Popular Replays
Top Player Replays
Match Explorer
How It Works
Community
CoH3 Stats
Reddit
Sign in to upload your games and track your stats! →
Sign in with Steam
Match 43115525
Unlisted
Match 43115525
Overview
Messages
Build Orders
End
Panzergrenadier Squad
250 Light Carrier
Panzergrenadier Squad
Construct Light Support Kompanie
MG34 Team
Selects Battlefield Espionage Battlegroup
Selects 250/3 Funkpanzerwagen
2.5-tonne Medical Truck
Fire Support Elements
Selects Intel Disruption Beacon
Flakvierling Half-track
Pak 38 Anti-tank Gun Team
Vehicle Survival Package
Panzergrenadier Squad
Construct Panzerarmee Kommand
5341K#02n
CrackSensation
BravoTwoZer0
Gabe_Real
Turtleboy
Mace
0
0
Comments
sign in to comment!
No comments posted yet!